 Dungeon Crawl Stone Soup version 0.32-a0-984-gb8cfe57ea9 (webtiles) character file.

Game seed: 15177591743946847003

10964 P0WERM0DE the Fighter (level 11, -3/95 HPs)
             Began as a Coglin Chaos Knight on Apr 21, 2024.
             Was a Plaything of Xom.
             Killed by psychic fangs
             ... invoked by a neqoxec
             ... summoned by a kobold demonologist
              (14 damage)
             ... on level 11 of the Dungeon.
             The game lasted 00:06:38 (11934 turns).

P0WERM0DE the Fighter (Coglin Chaos Knight)        Turns: 11934, Time: 00:06:39

Health: -3/95      AC: 16    Str: 16      XL:     11   Next: 70%
Magic:  0/11       EV:  3    Int: 13      God:    Xom [*.....]
Gold:   1178       SH: 24    Dex:  9 (13) Spells: 10/10 levels left

rFire   . . .        a - +1 broad axe (vamp) {Solveig}
rCold   . . .        A - +18 shield of the Gong {Loud rN+ Will+ rCorr EV-5}
rNeg    + . .        b - +2 leather armour
rPois   .            (helmet restricted)
rElec   .            f - +0 cloak
rCorr   +            o - +2 pair of gloves {infuse}
SInv    +            (no boots)
Will    +....        (amulet unavailable)
Stlth   +            (ring unavailable)
HPRegen 0.35/turn    (ring unavailable)
MPRegen 0.12/turn    (no gizmo)

%: no passive effects
@: revved
A: off-hand wielding, slow wielding, warmup strikes, no jewellery, antennae 1,
iridescent scales 3, see invisible, deterioration 1, sense surroundings 1, no
potion heal 1, noise suppression
a: Invent Gizmo, Renounce Religion


You were on level 11 of the Dungeon.
You worshipped Xom.
You were a special plaything of Xom.
You visited 2 branches of the dungeon, and saw 12 of its levels.
You also visited: Ossuary.

You collected 1310 gold pieces.
You spent 132 gold pieces at shops.

Inventory:

Hand Weapons
 a - a +1 vampiric broad axe (weapon) {Solveig}
   (You acquired it on level 4 of the Dungeon)
 d - a +0 dagger {Juan}
 g - a +0 hand axe of chaos {Salvador}
 k - a +0 whip of electrocution {Gerda}
   (You found it on level 2 of the Dungeon)
 p - a +1 whip of venom
   (You took it off a kobold brigand on level 4 of the Dungeon)
Missiles
 D - 2 throwing nets (quivered)
Armour
 b - a +2 leather armour (worn)
 f - a +0 cloak (worn)
   (You found it on level 1 of the Dungeon)
 o - a +2 pair of gloves of infusion (worn)
   (You found it on level 3 of the Dungeon)
 A - the +18 shield of the Gong (worn) {Loud rN+ Will+ rCorr EV-5}
   (You found it on level 10 of the Dungeon)

   Loud:      It is deafeningly noisy when blocking attacks.
   EV-5:      It affects your evasion (-5).
   rN+:       It protects you from negative energy.
   Will+:     It increases your willpower.
   rCorr:     It protects you from acid and corrosion.
Wands
 v - a wand of digging (7)
   (You found it on level 4 of the Dungeon)
 C - a wand of paralysis (8)
   (You took it off Maurice on level 7 of the Dungeon)
 E - a wand of polymorph (11)
   (You found it on level 8 of the Dungeon)
Scrolls
 c - a scroll of butterflies
 e - 2 scrolls of vulnerability
 l - 2 scrolls of revelation
 m - 2 scrolls of poison
 n - 3 scrolls of amnesia
 r - a scroll of identify
 s - a scroll of noise
 t - 4 scrolls of teleportation
 x - 4 scrolls of fear
 y - a scroll of enchant armour
 z - 3 scrolls of blinking
Potions
 h - 2 potions of haste
 i - 4 potions of degeneration {unknown}
 j - a potion of lignification
 q - 3 potions of curing
 w - 4 potions of heal wounds
 B - a potion of brilliance
 F - a potion of cancellation


   Skills:
 * Level 12.1 Fighting
 * Level 12.0 Axes
 * Level 5.3 Armour
 - Level 0.8 Dodging
 * Level 7.1 Evocations


You had 10 spell levels left.
You didn't know any spells.
Your spell library contained the following spells:

 Spells                   Type           Power      Damage    Failure   Level
 Slow                     Hex            0%         N/A       77%         1
 Call Imp                 Summ           0%         N/A       88%         2
 Sublimation of Blood     Necr           0%         N/A       88%         2
 Confusing Touch          Hex            0%         N/A       98%         3
 Maxwell's Portable Pile  Tloc           0%         2d(5-13)  98%         3
 Sigil of Binding         Hex            0%         N/A       98%         3
 Vampiric Draining        Necr           0%         2d6       98%         3
 Anguish                  Hex/Necr       0%         N/A       100%        4
 Cause Fear               Hex            0%         N/A       100%        4
 Curse of Agony           Necr           0%         N/A       100%        5
 Enfeeble                 Hex            0%         N/A       100%        7
 Magnavolt                Erth/Air       0%         3d9       100%        7
 Rimeblight               Ice/Necr       0%         2d3       (prima100%   7
 Summon Hydra             Summ           0%         N/A       100%        7
 Maxwell's Capacitive Co  Air            0%         ∞         100%        8


Dungeon Overview and Level Annotations

Branches:
Dungeon (11/15)            Temple (1/1) D:4            Lair (0/5) D:8
    Orc (0/2) D:10        Ossuary (visited)

Altars:
Ashenzari
Cheibriados
Dithmenos
Elyvilon
Fedhas
Gozag
Hepliaklqana
Kikubaaqudgha
Makhleb
Nemelex Xobeh
Okawaru
Qazlal
Ru
Sif Muna
Trog
Uskayaw
Vehumet
Wu Jian
Xom
Yredelemnul
Zin
The Shining One

Shops:
D:1 =   D:2 ?   D:9 !   D:10 *


Innate Abilities, Weirdness & Mutations

You can wield a second weapon in your off-hand.
It takes a long time for you to wield or remove held weapons.
Your first few attacks do less damage.
You cannot equip rings or amulets.
You have a pair of small antennae on your head.
You are completely covered in iridescent scales. (AC +6)
You have supernaturally acute eyesight. (SInv)
Your body sometimes deteriorates upon taking damage.
You passively map a small area around you.
Potions are less effective at restoring your health.
You passively dampen the noise of your surroundings.


Message History

The quasit bites you but does no damage.
The quasit completely misses you.
The quasit claws you but does no damage.
You slash the ice devil!
The ice devil is moderately wounded.
You barely miss the quasit. You block the quasit's attack.
PANG!
You block the quasit's attack.
SHROANNG!
The quasit barely misses you.
You completely miss the ice devil.
The ice devil is moderately wounded.
You closely miss the quasit. You block the quasit's attack.
BOUMMMMG!
You block the quasit's attack.
BOUMMMMG!
You block the quasit's attack.
PANG!
The ice devil hits you. The ice devil freezes you!
The quasit bites you but does no damage.
The quasit claws you but does no damage. x2
The smoke demon gestures at you. Something smites you!
* * * LOW HITPOINT WARNING * * *
You closely miss the ice devil.
The ice devil is moderately wounded.
You barely miss the quasit. You block the ice devil's attack.
PTOANNNG!
You block the quasit's attack.
PANG!
The quasit claws you but does no damage.
You block the quasit's attack.
GONNNNG!
The smoke demon gestures at you. Something smites you!
* * * LOW HITPOINT WARNING * * *
The neqoxec gestures at you. Something gnaws heavily on your mind!
You die...
Xom is highly amused! *## _# .# 5### K33

, ####4#** #..@5#
#_#### #########.#
#.......#.######* ,
###................
,
#...#.....#.#######,
* *. #.#.#####.# * ,
#.........# ,
###.####### , ,


You could see an ice devil (summoned), a kobold demonologist, a smoke demon
(summoned), a neqoxec (summoned) and 2 quasits.

Vanquished Creatures
  2 two-headed ogres
  Maurice (D:7)
  2 vault sentinels (D:10)
  2 kobold demonologists (D:11)
  2 komodo dragons
  A rime drake (D:8)
  Grinder (D:6)
  Sigmund (D:3)
  2 wyverns
  Eustachio (D:6)
  2 wargs (D:10)
  2 acid dragons (D:10)
  3 water moccasins
  4 ice beasts
  3 orc warriors
  2 black bears
  An ogre (D:4)
  2 wolves (D:8)
  A tengu (D:3)
  4 centaurs
  2 phantoms (D:5)
  7 kobold brigands
  2 bullfrogs (D:8)
  20 wights
  9 killer bees
  2 bombardier beetles
  5 howler monkeys
  3 electric eels (D:6)
  2 jellies
  3 bullfrog zombies (Ossuary)
  A gnoll bouda (D:8)
  2 hounds
  12 orc priests
  Crazy Yiuf (D:3)
  A sleepcap (D:5)
  21 orc wizards
  Terence (D:3)
  A crocodile zombie (Ossuary)
  3 killer bee zombies (Ossuary)
  4 hound zombies (Ossuary)
  8 mummies
  Robin (D:3)
  2 howler monkey zombies (Ossuary)
  8 gnolls
  7 adders
  4 white imps
  2 ufetubi (D:7)
  A dart slug (D:5)
  3 ribbon worms
  45 orcs
  5 endoplasms
  A giant cockroach (D:2)
  9 goblins
  10 hobgoblins
  8 kobolds
  A quokka (D:2)
  5 ball pythons
  7 ball python zombies (Ossuary)
  3 bats (D:1)
  2 frilled lizards
  4 rats
277 creatures vanquished.

Vanquished Creatures (collateral kills)
  An iguana (D:3)
  An orc (D:3)
2 creatures vanquished.

Vanquished Creatures (others)
  An electric eel (D:6)
  A kobold (D:11)
2 creatures vanquished.

Grand Total: 281 creatures vanquished

Notes
Turn   | Place    | Note
-------+----------+-------------------------------------------
     0 | D:1      | P0WERM0DE the Coglin Chaos Knight began the quest for the
                  | Orb.
     0 | D:1      | Reached XP level 1. HP: 18/18 MP: 1/1
   131 | D:1      | XOM: silly message
   291 | D:1      | Found Ofetwas's Jewellery Shoppe.
   359 | D:1      | Reached XP level 2. HP: 24/24 MP: 2/2
   794 | D:2      | Found Saemimn's Magic Scroll Shop.
   814 | D:2      | Bought a scroll of identify for 24 gold pieces
  1157 | D:2      | Reached XP level 3. HP: 29/29 MP: 3/3
  1387 | D:3      | XOM: give mutation
  1387 | D:3      | Gained mutation: You are partially covered in iridescent
                  | scales. (AC +2) [Xom's grace]
  1405 | D:3      | XOM: god gift: 45 gold pieces
  1413 | D:3      | Noticed Sigmund
  1418 | D:3      | Killed Sigmund
  1419 | D:3      | Reached XP level 4. HP: 38/38 MP: 4/4
  1419 | D:3      | Reached XP level 5. HP: 43/43 MP: 5/5
  1431 | D:3      | XOM: smoke on damage
  1440 | D:3      | Reached skill level 5 in Fighting
  1440 | D:3      | Reached skill level 5 in Axes
  1442 | D:3      | Reached XP level 6. HP: 33/51 MP: 6/6
  1567 | D:3      | XOM: god gift: 30 gold pieces
  1663 | D:3      | Noticed Terence
  1666 | D:3      | XOM: chaos cloud
  1670 | D:3      | Killed Terence
  1787 | D:3      | XOM: summons friendly ufetubus
  1802 | D:3      | XOM: 2-stop teleportation journey
  1921 | D:3      | XOM: 2-stop teleportation journey
  1923 | D:3      | XOM: draining
  1925 | D:3      | XOM: polymorph adder -> tengu
  1930 | D:3      | Reached XP level 7. HP: 43/54 MP: 0/7
  2049 | D:3      | XOM: give mutation
  2049 | D:3      | Gained mutation: You are dopey. (Int -2) [Xom's mischief]
  2057 | D:3      | Noticed Robin
  2071 | D:3      | Killed Robin
  2177 | D:3      | Found a runed translucent door.
  2178 | D:3      | Noticed Crazy Yiuf
  2600 | D:3      | XOM: summons 4 hostile demons
  2795 | D:3      | XOM: give mutations
  2795 | D:3      | Gained mutation: You do not regenerate when monsters are
                  | visible. [Xom's mischief]
  2795 | D:3      | Gained mutation: Your body sometimes deteriorates upon
                  | taking damage. [Xom's mischief]
  2836 | D:3      | Killed Crazy Yiuf
  2889 | D:4      | Found a staircase to the Ecumenical Temple.
  2900 | Temple   | Entered the Ecumenical Temple
  3220 | D:4      | Identified a scroll of acquirement
  3220 | D:4      | Acquired a +1 broad axe of freezing
  3226 | D:4      | XOM: torment (9/59 hp)
  3236 | D:4      | XOM: summons 3 hostile shadow creatures
  3353 | D:4      | Identified the amulet "Pastav" {Faith ^Drain Regen+ Str+3
                  | Dex+6} (Xom gifted it to you on level 4 of the Dungeon)
  3353 | D:4      | XOM: god gift: amulet "Pastav" {Faith ^Drain Regen+ Str+3
                  | Dex+6}
  3488 | D:4      | XOM: 2-stop teleportation journey
  3489 | D:4      | XOM: enchant monster (bad)
  3548 | D:4      | XOM: 2-stop teleportation journey
  3931 | D:5      | Entered Level 5 of the Dungeon
  3953 | D:5      | Found a sand-covered staircase.
  3961 | Ossuary  | Entered an ossuary
  4013 | Ossuary  | Reached XP level 8. HP: 65/65 MP: 2/8
  4162 | Ossuary  | Identified the ring of Anarchy {rF+ rC++ Dex+6}
  4323 | Ossuary  | XOM: 6-stop teleportation journey
  4469 | Ossuary  | XOM: give mutations
  4469 | Ossuary  | Gained mutation: You occasionally lose the ability to read
                  | scrolls when taking damage. [Xom's mischief]
  4469 | Ossuary  | Lost mutation: You occasionally lose the ability to read
                  | scrolls when taking damage. [Xom's mischief]
  4469 | Ossuary  | Gained mutation: Your spells are a little harder to cast,
                  | but a little more powerful. [Xom's mischief]
  4585 | D:5      | XOM: god gift: beast talisman
  4898 | D:5      | Found an iron altar of Okawaru.
  5176 | D:5      | Reached XP level 9. HP: 47/75 MP: 1/9
  5999 | D:6      | XOM: god gift: 616 gold pieces
  6106 | D:6      | Noticed Eustachio
  6128 | D:6      | Killed Eustachio
  6258 | D:6      | Noticed Grinder
  6263 | D:6      | Killed Grinder
  6371 | D:6      | Found a blossoming altar of Fedhas.
  6480 | D:6      | XOM: 2-stop teleportation journey
  6544 | D:6      | Noticed a komodo dragon
  6550 | D:6      | XOM: confuse monster(s)
  6552 | D:6      | Killed a komodo dragon
  6900 | D:6      | Reached skill level 10 in Fighting
  6900 | D:6      | Reached skill level 10 in Axes
  6971 | D:7      | Found a broken altar of Ashenzari.
  6982 | D:7      | XOM: give mutations
  6982 | D:7      | Gained mutation: You have supernaturally acute eyesight.
                  | (SInv) [Xom's grace]
  6982 | D:7      | Gained mutation: You have hidden genetic potential. [Xom's
                  | grace]
  6982 | D:7      | Gained mutation: You are mostly covered in iridescent
                  | scales. (AC +4) [Xom's grace]
  7066 | D:7      | Noticed Maurice
  7066 | D:7      | Paralysed by Maurice for 3 turns
  7071 | D:7      | Maurice stole a +1 whip of venom
  7083 | D:7      | Killed Maurice
  7084 | D:7      | Reached XP level 10. HP: 75/86 MP: 0/10
  7167 | D:7      | Found a sparkling altar of Nemelex Xobeh.
  7307 | D:7      | Found a shimmering altar of Xom.
  7413 | D:7      | XOM: 1-stop teleportation journey
  7997 | D:8      | Reached skill level 1 in Evocations
  8056 | D:8      | XOM: polymorph howler monkey -> goblin
  8118 | D:8      | Gained mutation: You passively map a small area around you.
                  | [hidden potential]
  8329 | D:8      | Found a sacrificial altar of Ru.
  8623 | D:8      | Found a staircase to the Lair.
  8847 | D:8      | XOM is BORED!
  8847 | D:8      | XOM: summons 2 hostile shadow creatures
  9055 | D:9      | Noticed a two-headed ogre
  9062 | D:9      | Killed a two-headed ogre
  9339 | D:9      | XOM: divination: magic mapping
  9397 | D:9      | XOM: 1-stop teleportation journey
  9403 | D:9      | Reached XP level 11. HP: 34/93 MP: 0/11
  9505 | D:9      | XOM: 2-stop teleportation journey
  9812 | D:9      | Found Pemacvaa's Distillery.
  9820 | D:9      | Bought a potion of curing for 48 gold pieces
  9895 | D:9      | Reached skill level 5 in Evocations
 10182 | D:9      | Lost mutation: You are dopey. (Int -2) [potion of mutation]
 10182 | D:9      | Lost mutation: Your spells are a little harder to cast, but
                  | a little more powerful. [potion of mutation]
 10182 | D:9      | Lost mutation: You do not regenerate when monsters are
                  | visible. [potion of mutation]
 10182 | D:9      | Gained mutation: You have a pair of small antennae on your
                  | head. [potion of mutation]
 10182 | D:9      | Gained mutation: Potions are less effective at restoring
                  | your health. [potion of mutation]
 10182 | D:9      | Gained mutation: You are completely covered in iridescent
                  | scales. (AC +6) [potion of mutation]
 10464 | D:10     | Entered Level 10 of the Dungeon
 10464 | D:10     | Found Yfotue's General Store.
 10467 | D:10     | Bought a scroll of teleportation for 36 gold pieces
 10467 | D:10     | Bought a scroll of identify for 24 gold pieces
 10521 | D:10     | Found a shadowy altar of Dithmenos.
 10542 | D:10     | Found a staircase to the Orcish Mines.
 10552 | D:10     | Gained mutation: You passively dampen the noise of your
                  | surroundings. [hidden potential]
 10552 | D:10     | Lost mutation: You have hidden genetic potential. [hidden
                  | potential expressed]
 10585 | D:10     | XOM: silly message
 10724 | D:10     | Identified the blade talisman "Unyat" {Will- Str+4}
 10882 | D:10     | XOM: enchant monster (good)
 10896 | D:10     | XOM: 3-stop teleportation journey
 11106 | D:10     | XOM: cloud trail
 11255 | D:10     | Found the +18 shield of the Gong {Loud rN+ Will+ rCorr
                  | EV-5}
 11260 | D:10     | XOM: scenery: 1 doors close
 11732 | D:11     | Noticed a two-headed ogre
 11734 | D:11     | XOM: confuse monster(s)
 11741 | D:11     | Killed a two-headed ogre
 11742 | D:11     | Reached skill level 5 in Armour
 11750 | D:11     | XOM: 2-stop teleportation journey
 11851 | D:11     | Noticed a sixfirhy
 11857 | D:11     | XOM: summons 3 friendly demons
 11864 | D:11     | XOM: scenery: create altars
 11867 | D:11     | XOM: enchant monster (good)
 11892 | D:11     | XOM: summons 2 friendly demons
 11899 | D:11     | Noticed a soul eater
 11907 | D:11     | XOM: enchant monster (good)
 11913 | D:11     | XOM: cast spell 'Metabolic Englaciation'
 11934 | D:11     | Killed from afar by a neqoxec

Illustrated notes

Levels and vault maps discovered:
D:1:      dpeg_arrival_fog, layout_basic, serial_shops, shop, serial_forest,
          infiniplex_forest_clump_tiny, infiniplex_forest_end_3,
          infiniplex_forest_clump_double, infiniplex_forest_straight_1,
          infiniplex_forest_clump_large, infiniplex_forest_zigzag_1,
          infiniplex_forest_straight_2, infiniplex_forest_straight_5,
          infiniplex_forest_side_room
D:2:      layout_basic, serial_shops, shop
D:3:      layout_basic, serial_forest, infiniplex_forest_clump_double,
          infiniplex_forest_lined_3, infiniplex_forest_lined_room_3,
          infiniplex_forest_end_1, infiniplex_forest_lined_corner,
          infiniplex_forest_clump_diagonal, infiniplex_forest_clump_small,
          infiniplex_forest_diagonal, infiniplex_forest_lined_room_2,
          infiniplex_forest_lined_2, chequers_big_river,
          uniq_crazy_yiuf_cottage, uniq_sigmund, uniq_terence, uniq_robin
D:4:      layout_loops_cross, minmay_temple_entry_statues_fountains
D:5:      layout_loops_corners, lemuel_doored_altar, gup_ossuary_entry_pyramid
D:6:      kennysheep_big_flooded_room, layout_loops_cross, fedhas_altar_1,
          minmay_statues_item, uniq_grinder, uniq_eustachio
D:7:      layout_rooms, overflow_temple_1_default,
          mainiacjoe_overflow_small_starburst, kennysheep_mini, uniq_maurice
D:8:      layout_basic, mainiacjoe_overflow_surrounded_room,
          hellmonk_lair_entry_icy, nicolae_tricolors
D:9:      layout_stronghold, serial_shops, shop, roderic_three_in_a_row
D:10:     layout_loops_ring, grunt_dithmenos_smoke, erik_orc_4,
          nicolae_stop_n_shop_2, st_stairs_11, hellmonk_guarded_unrand_gong
D:11:     layout_basic, nicolae_trove_entry_crossroad
Temple:   bh_familiar_temple

Skill      XL: |  1  2  3  4  5  6  7  8  9 10 11 |
---------------+----------------------------------+-----
Fighting       | 4 5 6 8 10 11 12 | 12.1
Axes           | 4 5 6 8 10 11 12 | 12.0
Armour         | 3 5 |  5.3
Evocations     | 4 7 |  7.1
Dodging        | |  0.8

Action                     |  1- 3 |  4- 6 |  7- 9 | 10-12 || total
---------------------------+-------+-------+-------+-------++-------
  Melee: Hand axe          |    38 |    43 |    62 |       ||   143
         Dagger            |    23 |       |       |       ||    23
         Whip              |    12 |    41 |   233 |   218 ||   504
         Broad axe         |       |       |   175 |   322 ||   497
  Evoke: Wand              |       |       |       |     2 ||     2
    Use: Scroll            |     1 |       |    10 |     4 ||    15
         Potion            |       |       |     8 |     5 ||    13
   Stab: Sleeping          |     3 |       |       |       ||     3
         Held in net/web   |     1 |       |       |       ||     1
         Confused          |       |     1 |     1 |     2 ||     4
         Paralysed         |       |       |       |     4 ||     4
         Distracted        |       |       |       |     2 ||     2
 Armour: Leather armour    |    39 |    27 |   224 |   320 ||   610
  Dodge: Dodged            |    18 |    25 |   150 |   155 ||   348
  Block: Kite shield       |       |       |       |   178 ||   178

Table legend: (Time is in decaauts)
 A = Elapsed time spent in this place.
 B = Non-inter-level travel time spent in this place.
 C = Inter-level travel time spent in this place.
 D = Time resting spent in this place.
 E = Time spent auto-exploring this place.
 F = Levels seen in this place.
 G = Mean time per level.
                   A        B        C        D        E       F      G
               +--------+--------+--------+--------+--------+-----+--------+
         Total |  11961 |  11574 |    387 |    813 |   9087 |  13 |  920.1 |
       Dungeon |  11328 |  10941 |    387 |    797 |   8665 |  11 | 1029.8 |
        Temple |      1 |      1 |      0 |      0 |      0 |   1 |    1.0 |
       Ossuary |    630 |    630 |      0 |     16 |    422 |   1 |  630.0 |
               +--------+--------+--------+--------+--------+-----+--------+

Top non-repeatable levels by time:
     D:3: 1515 daAuts
     D:9: 1421 daAuts
     D:5: 1400 daAuts
     D:8: 1320 daAuts
    D:10: 1255 daAuts
     D:4: 1038 daAuts
     D:6: 1025 daAuts
     D:7: 758 daAuts
     D:1: 748 daAuts
 Ossuary: 630 daAuts
     D:2: 620 daAuts
    D:11: 223 daAuts
  Temple: 1 daAuts
